 Dungeon Crawl Stone Soup version 0.20.1-1-g8b1a95d (webtiles) character file.

659 Jerry the Cudgeler (level 7, -1/38 HPs)
             Began as a Vine Stalker Fighter on Nov 5, 2017.
             Was an Initiate of Gozag.
             Slain by a yak (9 damage)
             ... on level 3 of the Dungeon.
             The game lasted 00:09:04 (3248 turns).

Jerry the Cudgeler (Vine Stalker Fighter)           Turns: 3248, Time: 00:09:04

Health: -1/38      AC:  9    Str: 20    XL:     7   Next: 55%
Magic:  0/8        EV:  9    Int:  8    God:    Gozag
Gold:   181        SH:  0    Dex: 14    Spells: 6/6 levels left

rFire    . . .     SeeInvis .   a - +0 flail
rCold    . . .     Gourm    +   (no shield)
rNeg     . . .     Faith    .   b - +0 scale mail
rPois    .         Spirit   +   v - +0 helmet
rElec    .         Reflect  .   (no cloak)
rCorr    .         Harm     .   (no gloves)
MR       .....                  B - +0 pair of boots
Stlth    ..........             r - amulet of the gourmand
Regen    0.6/turn               (no ring)
MPRegen  0.2/turn               (no ring)

@: no status effects
A: fangs 2, regeneration 1, magic shield, antimagic bite, no potion heal 3, rot
immunity
a: Potion Petition, Call Merchant, Bribe Branch, Renounce Religion


You were on level 3 of the Dungeon.
You worshipped Gozag.
Gozag was aware of your devotion.
You were full.

You visited 2 branches of the dungeon, and saw 6 of its levels.

You collected 279 gold pieces.
You paid 98 gold pieces to Gozag.

Inventory:

Hand Weapons
 a - a +0 flail (weapon)
Armour
 b - a +0 scale mail (worn)
 c - a +0 shield
 v - a +0 helmet (worn)
 B - a +0 pair of boots (worn)
Jewellery
 r - an amulet of the gourmand (around neck)
Wands
 q - a wand of enslavement (19/24)
 t - a wand of flame (28/48)
Scrolls
 e - 5 scrolls of identify
 g - a scroll of enchant armour {unknown}
 j - a scroll of magic mapping {unknown}
 k - 2 scrolls of amnesia {unknown}
 l - a scroll of fear {unknown}
 p - 2 scrolls of blinking {unknown}
 s - 4 scrolls of remove curse {unknown}
 u - a scroll of immolation {unknown}
 y - a scroll of fog {unknown}
 A - a scroll of teleportation {unknown}
Potions
 d - 2 potions of might
 n - a potion of agility {unknown}
 o - a potion of heal wounds {unknown}
 w - a potion of cancellation {unknown}
 x - a potion of curing {unknown}
 z - 2 potions of flight {unknown}
Comestibles
 f - 6 bread rations
 h - 3 royal jellies
 i - 4 meat rations
 m - 2 fruits


   Skills:
 + Level 4.5 Fighting
 * Level 5.3 Maces & Flails
 + Level 4.1 Armour
 - Level 2.6 Shields


You had 6 spell levels left.
You didn't know any spells.

Dungeon Overview and Level Annotations

Branches:
Dungeon (5/15)             Temple (1/1) D:5

Altars:
Dithmenos
Elyvilon
Gozag
Kikubaaqudgha
Okawaru
Ru
Sif Muna
Vehumet
Xom
Zin

Annotations:
D:4 Zentaure's ghost, amateur CeWn


Innate Abilities, Weirdness & Mutations

You have extremely sharp teeth.
Your natural rate of healing is unusually fast.
When hurt, damage is shared between your health and your magic reserves.
Your bite disrupts and absorbs the magic of your enemies.
Potions cannot restore your health.
You are immune to rotting.


Message History

Items here: ( ))) [ 7 poisoned needles; a robe; a dagger of flaming; an uncursed club an uncursed blowgun
Things that are here:
a robe; a flail; a dagger
Items here: ( ))) [ 7 poisoned needles; a robe; a dagger of flaming; an uncursed club an uncursed blowgun You sock the yak!
You bite the yak! You drain its power.
You feel invigorated.
The yak is almost dead.
The yak gores you but does no damage.
You hit the yak but do no damage. You bite the yak. You drain its power.
The yak is almost dead.
The yak gores you but does no damage. The yak gores you!
* * * LOW HITPOINT WARNING * * *
You barely miss the yak.
The yak is almost dead.
The yak gores you!
You die...
Your body crumbles into a pile of gold.

##### #...# #...# ##...#
############### ##....###
#........#....#
........########.#####.##.##.#
.................[># #.##.##.#
##....#.##.....#@#(# #.##.##.#
#....#.##.###.#Y#.###.##.##.#
##....#.##.#.........#.##.##.#
##....#.##.##........#.##.##.##
##....#....##....#...#........#
........#####.)###...####.#####
#######..####..###...####.#
######..............#....#
#.......##########..#.####


You could see a yak.

Vanquished Creatures
  A yak (D:3)
  An ogre (D:4)
  A bullfrog (D:3)
  An orc priest (D:3)
  6 orc wizards
  A worker ant (D:4)
  Robin (D:3)
  A gnoll (D:2)
  6 adders
  3 worms
  2 dart slugs
  5 leopard geckos
  9 orcs (D:3)
  4 bats
  5 giant cockroaches
  12 goblins
  8 hobgoblins
  A quokka (D:2)
  4 ball pythons
  5 frilled lizards
  6 kobolds
  7 rats
90 creatures vanquished.

Vanquished Creatures (others)
  A leopard gecko (D:1)
1 creature vanquished.

Grand Total: 91 creatures vanquished

Notes
Turn   | Place    | Note
-------+----------+-------------------------------------------
     0 | D:1      | Jerry the Vine Stalker Fighter began the quest for the Orb.
     0 | D:1      | Reached XP level 1. HP: 11/11 MP: 2/2
    98 | D:1      | Reached XP level 2. HP: 16/16 MP: 3/3
   345 | D:1      | Reached skill level 2 in Maces & Flails
   769 | D:2      | Reached XP level 3. HP: 20/20 MP: 4/4
  1181 | D:2      | Gained mutation: Your natural rate of healing is unusually fast. [Vine Stalker growth]
  1181 | D:2      | Reached XP level 4. HP: 21/24 MP: 5/5
  1660 | D:3      | Reached skill level 3 in Maces & Flails
  1673 | D:3      | Reached XP level 5. HP: 13/28 MP: 2/6
  1749 | D:3      | Noticed Robin
  1770 | D:3      | Killed Robin
  1975 | D:3      | Found a sacrificial altar of Ru.
  2022 | D:3      | Reached skill level 4 in Maces & Flails
  2022 | D:3      | Reached XP level 6. HP: 31/33 MP: 7/7
  2755 | D:4      | Found a shadowy altar of Dithmenos.
  2767 | D:4      | Noticed a yak
  2768 | D:4      | Noticed a yak
  2768 | D:4      | Noticed Zentaure's ghost (amateur CeWn)
  2770 | D:4      | Noticed a yak
  2770 | D:4      | Noticed a yak
  2770 | D:4      | Noticed a yak
  2789 | D:4      | Noticed a yak
  2903 | D:4      | You fall through a shaft!
  2903 | D:5      | Entered Level 5 of the Dungeon
  2903 | D:5      | Found a staircase to the Ecumenical Temple.
  2906 | Temple   | Entered the Ecumenical Temple
  2973 | Temple   | Became a worshipper of Gozag Ym Sagoz the Greedy
  3022 | D:4      | Reached XP level 7. HP: 14/37 MP: 8/8
  3162 | D:3      | Reached skill level 5 in Maces & Flails
  3187 | D:3      | HP: 1/37 [yak (8)]
  3188 | D:3      | Killed a yak
  3248 | D:3      | Slain by a yak

Skill      XL: |  1  2  3  4  5  6  7 |
---------------+----------------------+-----
Maces & Flails | 2 3 4 5 |  5.3
Fighting       | 3 4 |  4.5
Armour         | 3 4 |  4.1
Shields        | |  2.6

Action                   |  1- 3 |  4- 6 |  7- 9 || total
-------------------------+-------+-------+-------++-------
Melee: Flail             |    91 |   177 |    31 ||   299
       Bite              |    20 |    51 |    17 ||    88
  Use: Scroll            |       |     1 |       ||     1
 Stab: Distracted        |       |     1 |       ||     1
  Eat: Chunk             |       |    16 |       ||    16
Armor: Scale mail        |    91 |   105 |    19 ||   215
Dodge: Dodged            |    72 |   128 |    15 ||   215
